 Dungeon Crawl Stone Soup version 0.28.0 (webtiles) character file.

Game seed: 8922166145674659870

7934 mortz the Thaumaturge (level 11, 0/71 HPs)
             Began as a Djinni Conjurer on Feb 14, 2022.
             Was a Priest of Makhleb.
             Slain by a seven-headed hydra (10 damage)
             ... on level 1 of the Lair of Beasts.
             The game lasted 01:43:22 (10208 turns).

mortz the Thaumaturge (Djinni Conjurer)            Turns: 10208, Time: 01:43:24

Health: 0/71       AC: 16    Str: 11    XL:     11   Next: 46%
Gold:   24         EV: 12    Int: 27    God:    Makhleb [***...] SH:  4 Dex: 12

rFire   + + +      SeeInvis .   L - +4 mace of Imnoes {vamp, rElec rN+ Will- Int+3}
rCold   x . .      Faith    .   y - +0 buckler
rNeg    + . .      Spirit   .   n - +3 leather armour {rF+}
rPois   ∞          Reflect  .   t - +1 helmet
rElec   +          Harm     .   (no cloak)
rCorr   .          Rampage  .   d - +2 pair of gloves
Will    ++...                   (boots unavailable)
Stlth   +++.......              (no amulet)
HPRegen 0.21/turn               z - ring "Linn" {Will++ AC+4 Str+5}
MPRegen 0.00/turn               (no ring)

@: flying
A: sickness immunity, fire resistance 2, cold vulnerability 1, float, innate
caster, HP casting, extra vitality 1
a: Renounce Religion, Minor Destruction, Lesser Servant of Makhleb


You were on level 1 of the Lair of Beasts.
You worshipped Makhleb.
Makhleb was most pleased with you.
You visited 2 branches of the dungeon, and saw 10 of its levels.

You collected 503 gold pieces.
You spent 479 gold pieces at shops.

Inventory:

Hand Weapons
 j - a +1 short sword of venom
 l - a +2 morningstar of holy wrath
 r - a +2 dagger of draining
 C - a +2 vorpal halberd
 D - a +3 mace of freezing
 E - a +4 mace of freezing
 F - a +2 war axe
 H - a +1 antimagic trident
 L - the +4 mace of Imnoes (weapon) {vamp, rElec rN+ Will- Int+3}
   (You found it on level 2 of the Lair of Beasts)

   It occasionally heals its wielder for a portion of the damage dealt when it
   wounds a living foe.
   Int:       It affects your intelligence (+3).
   rElec:     It insulates you from electricity.
   rN:        It protects you from negative energy.
   Will:      It decreases your willpower.
Armour
 d - a +2 pair of gloves (worn)
 n - a +3 leather armour of fire resistance (worn)
 t - a +1 helmet (worn)
 y - a +0 buckler (worn)
 I - a +1 leather armour of poison resistance
Magical Staves
 b - a staff of earth
 i - a staff of air
Jewellery
 a - a ring of resist corrosion
 f - a ring of ice
 p - a ring of fire
 z - the ring "Linn" (left hand) {Will++ AC+4 Str+5}
   (You found it on level 4 of the Dungeon)

   [ring of protection]

   AC:        It affects your AC (+4).
   Str:       It affects your strength (+5).
   Will:      It greatly increases your willpower.
Wands
 e - a wand of iceblast (3)
 K - a wand of acid (3)
Scrolls
 h - 3 scrolls of fear
 k - 2 scrolls of immolation
 m - a scroll of amnesia {unknown}
 q - 2 scrolls of teleportation
 x - 2 scrolls of magic mapping {unknown}
 A - a scroll of holy word {unknown}
 B - a scroll of enchant weapon {unknown}
 J - a scroll of fog {unknown}
Potions
 c - a potion of berserk rage {unknown}
 g - 3 potions of haste
 o - 4 potions of curing
 s - a potion of flight {unknown}
 u - 5 potions of might
 v - 2 potions of brilliance {unknown}
 w - 2 potions of heal wounds
 G - 2 potions of attraction {unknown}


   Skills:
 + Level 3.0 Fighting
 - Level 3.3 Short Blades
 + Level 4.0 Axes
 - Level 0.2 Staves
 + Level 6.2 Armour
 + Level 5.1 Dodging
 + Level 5.0 Stealth
 + Level 1.9 Shields
 + Level 10.0 Spellcasting


You had 3 spell levels left.
You knew the following spells:

 Your Spells              Type           Power      Damage    Failure   Level
a - Magic Dart            Conj           100%       1d8       1%          1
b - Searing Ray           Conj           100%       2d8       1%          2
c - Dazzling Flash        Conj/Hex       100%       N/A       1%          3
d - Fulminant Prism       Conj/Hex       30%        3d16      1%          4
e - Iskenderun's Mystic   Conj/Tloc      61%        2d13      1%          4
f - Pain                  Necr           100%       1d9       1%          1
g - Call Imp              Summ           61%        N/A       1%          2
h - Scorch                Fire           100%       2d10      1%          2
i - Sticky Flame          Conj/Fire      61%        2d8       1%          4
j - Anguish               Hex/Necr       30%        N/A       1%          4
Your spell library was empty.

Dungeon Overview and Level Annotations

Branches:
Dungeon (8/15)             Temple (0/1) D:6            Lair (2/6) D:8
  Swamp: Lair:2-4    Shoals: Lair:2-4     Snake: Lair:2-4    Spider: Lair:2-4

Altars:
Cheibriados
Fedhas
Makhleb
Nemelex Xobeh
Trog
Wu Jian
Zin

Shops:
D:4 :![(


Innate Abilities, Weirdness & Mutations

You are immune to sickness and miasma.
You are immune to poison.
Your flesh is very heat resistant. (rF++)
You are vulnerable to cold. (rC-)
You float through the air rather than walking.
You learn spells naturally, not from books.
Your magical power is your life essence.
You have superior vitality. (+4 MHP)


Message History

The seven-headed hydra misses you.
The seven-headed hydra bites you but does no damage.
The seven-headed hydra bites you!
The seven-headed hydra bites you but does no damage.
The seven-headed hydra bites you.
The seven-headed hydra bites you but does no damage.
The seven-headed hydra bites you.
The searing ray hits the seven-headed hydra!
The seven-headed hydra is almost dead.
The seven-headed hydra misses you.
You block the seven-headed hydra's attack.
The seven-headed hydra bites you but does no damage.
The seven-headed hydra bites you! x2
* * * LOW HITPOINT WARNING * * *
The seven-headed hydra bites you.
* * * LOW HITPOINT WARNING * * *
You block the seven-headed hydra's attack.
Casting: Searing Ray (safe; 1% risk of failure)
Confirm with . or Enter, or press ? or * to list all spells.
Okay, then.
Read: 3 scrolls of fear
Press: ? - help, Q - select action, (/) - cycle Dir - look around, f - activate Look: a seven-headed hydra (almost dead, chance to affect: 79%)
Okay, then.
Aiming: Iceblast
Press: ? - help, Q - select action, (/) - cycle Shift-Dir - straight line, p - seven-headed hydra That beam is likely to hit you.
Continue anyway?
Okay, then.
Aiming: Iceblast
Press: ? - help, Q - select action, (/) - cycle Shift-Dir - straight line, p - seven-headed hydra That beam is likely to hit you.
Continue anyway?
Okay, then.
You feel much better.
The seven-headed hydra barely misses you.
The seven-headed hydra bites you. x2
* * * LOW HITPOINT WARNING * * *
The seven-headed hydra bites you!
* * * LOW HITPOINT WARNING * * *
The seven-headed hydra bites you!
You die...

... .... ... . ... #######
.. ##.# #####....#. ...#
....#####.##....... ....
##+...............
...#..#.................
......D@................
....
.#.....#..##..##.........
.....
.#..#..#...#.###.#.#...##
......
.......####.#....#.#.##
...... #...... ..#......###
.#..#.+#...... ...#......#
..........#... ...#......#
..........#+########......#
######...................##


You could see a seven-headed hydra.

Vanquished Creatures
  Pikel (D:7)
  2 wolf spiders (Lair:1)
  A black mamba (Lair:2)
  3 cane toads
  A rime drake (Lair:2)
  A komodo dragon (D:8)
  A hornet (D:6)
  6 yaks (D:8)
  6 water moccasins
  3 orc warriors
  3 ice beasts
  A sky beast (D:6)
  2 necrophages
  A black bear (D:7)
  An ogre (D:5)
  5 wolves (Lair:1)
  A phantom (D:5)
  A centaur (D:6)
  2 bullfrogs
  A gnoll sergeant (D:6)
  5 scorpions
  8 wights (D:5)
  A howler monkey (D:5)
  5 jellies
  5 hounds
  2 orc priests
  6 bullfrog skeletons
  A gnoll shaman (D:6)
  4 iguanas
  2 orc wizards
  2 howler monkey zombies (D:6)
  Robin (D:4)
  4 gnolls (D:6)
  A howler monkey skeleton (D:7)
  6 adders
  A shadow imp (D:5)
  An adder skeleton (D:4)
  A worm (D:4)
  2 dart slugs
  8 orcs
  4 bats
  4 endoplasms
  4 giant cockroaches
  8 hobgoblins
  9 jackals
  5 kobolds
  A quokka (D:2)
  6 ball pythons
  3 frilled lizards
  14 goblins
  10 rats
177 creatures vanquished.

Vanquished Creatures (others)
  7 fulminant prisms (Lair:1)
  14 fungi (D:8)
  18 plants
39 creatures vanquished.

Grand Total: 216 creatures vanquished

Notes
Turn   | Place    | Note
-------+----------+-------------------------------------------
     0 | D:1      | mortz the Djinni Conjurer began the quest for the Orb.
     0 | D:1      | Reached XP level 1. HP: 15/15 MP: 0/0
   255 | D:1      | Reached XP level 2. HP: 20/21 MP: 0/0
   544 | D:1      | Found a sparkling altar of Nemelex Xobeh.
   813 | D:1      | Reached XP level 3. HP: 22/25 MP: 0/0
   813 | D:1      | Learned a level 1 spell: Pain
  1189 | D:2      | Reached skill level 4 in Spellcasting
  1488 | D:2      | Reached XP level 4. HP: 27/31 MP: 0/0
  1542 | D:2      | Found a burning altar of Makhleb.
  1548 | D:2      | Became a worshipper of Makhleb the Destroyer
  2043 | D:3      | Found a faded altar of an unknown god.
  2415 | D:3      | Found a blossoming altar of Fedhas.
  2445 | D:4      | Found Wygis's Book Emporium.
  2456 | D:4      | Noticed a necrophage
  2463 | D:4      | Killed a necrophage
  2464 | D:4      | Reached skill level 1 in Armour
  2464 | D:4      | Reached XP level 5. HP: 28/35 MP: 0/0
  2464 | D:4      | Learned a level 2 spell: Call Imp
  2597 | D:4      | Reached skill level 5 in Spellcasting
  2763 | D:4      | Reached XP level 6. HP: 37/40 MP: 0/0
  2820 | D:4      | Noticed Robin
  2824 | D:4      | Reached * piety under Makhleb
  2829 | D:4      | Killed Robin
  3006 | D:4      | Found a glowing silver altar of Zin.
  3163 | D:4      | Found Qeasus's Armour Shop.
  3298 | D:4      | Found Hulig's Distillery.
  3302 | D:4      | Bought a potion of curing for 33 gold pieces
  3302 | D:4      | Bought a potion of heal wounds for 55 gold pieces
  3302 | D:4      | Bought a potion of heal wounds for 55 gold pieces
  3430 | D:4      | Found Qaaz's Antique Weapon Shoppe.
  3470 | D:4      | Reached skill level 1 in Short Blades
  3717 | D:4      | Found an ornate altar of the Wu Jian Council.
  3808 | D:4      | Identified the ring "Linn" {Will++ AC+4 Str+5}
  3931 | D:5      | Entered Level 5 of the Dungeon
  3971 | D:5      | Reached XP level 7. HP: 43/45 MP: 0/0
  3971 | D:5      | Learned a level 2 spell: Scorch
  4710 | D:5      | Found a bloodstained altar of Trog.
  4730 | D:5      | Reached XP level 8. HP: 45/50 MP: 0/0
  4845 | D:5      | Reached skill level 6 in Spellcasting
  5226 | D:5      | Reached ** piety under Makhleb
  6074 | D:6      | Reached skill level 1 in Axes
  6074 | D:6      | Reached XP level 9. HP: 48/56 MP: 0/0
  6074 | D:6      | Learned a level 4 spell: Sticky Flame
  6207 | D:6      | Reached skill level 7 in Spellcasting
  6212 | D:6      | Reached skill level 1 in Fighting
  6776 | D:6      | Found a staircase to the Ecumenical Temple.
  6841 | D:6      | Found a snail-covered altar of Cheibriados.
  7289 | D:6      | Noticed a hornet
  7297 | D:6      | Killed a hornet
  7880 | D:7      | Reached *** piety under Makhleb
  7896 | D:7      | Noticed Pikel
  7906 | D:7      | Killed Pikel
  7907 | D:7      | Reached skill level 5 in Armour
  7907 | D:7      | Reached skill level 1 in Shields
  7907 | D:7      | Reached skill level 8 in Spellcasting
  7907 | D:7      | Reached XP level 10. HP: 58/64 MP: 0/0
  8508 | D:8      | Noticed a komodo dragon
  8521 | D:8      | Killed a komodo dragon
  9134 | D:4      | Bought a +3 leather armour of fire resistance for 336 gold
                  | pieces
  9358 | D:8      | Found a staircase to the Lair.
  9363 | D:8      | Reached skill level 9 in Spellcasting
  9369 | Lair:1   | Entered Level 1 of the Lair of Beasts
  9413 | Lair:1   | You are sucked into a shaft and drop 1 floor!
  9482 | Lair:2   | Identified the +4 mace of Imnoes {vamp, rElec rN+ Will-
                  | Int+3}
  9503 | Lair:2   | Noticed a black mamba
  9510 | Lair:2   | Killed a black mamba
  9511 | Lair:2   | Reached XP level 11. HP: 39/69 MP: 0/0
  9511 | Lair:2   | Learned a level 4 spell: Anguish
  9977 | Lair:1   | Noticed a wolf spider
  9979 | Lair:1   | Noticed a wolf spider
  9992 | Lair:1   | Killed a wolf spider
  9999 | Lair:1   | Killed a wolf spider
 10000 | Lair:1   | Reached skill level 5 in Dodging
 10019 | Lair:1   | Reached skill level 10 in Spellcasting
 10197 | Lair:1   | Reached skill level 5 in Stealth
 10199 | Lair:1   | Noticed a seven-headed hydra
 10208 | Lair:1   | Slain by a seven-headed hydra

Illustrated notes

Levels and vault maps discovered:
D:1:      onia_arrival_pyramid, layout_loops_ring,
          minmay_misc_feat_four_crosses, minivault_4, nrook_campfire,
          kennysheep_flooded_box, st_stairs_5
D:2:      layout_basic, basic_altar
D:3:      layout_basic, mainiacjoe_overflow_alcove_1,
          shapermc_ecumenical_altar_hornbeckon
D:4:      kennysheep_goblin_castle, layout_loops_ring,
          overflow_temple_1_default, nzn_wu_jian_contemplation, serial_shops,
          nicolae_shop_advertising_works [nicolae_subvault_shop_adworks], shop,
          shop, shop, st_stairs_6
D:5:      layout_basic, trog_butcher_becter
D:6:      layout_cave_pods, cheibriados_altar_1, temple_pool_b, minivault_22,
          minmay_between
D:7:      layout_cave_pools, uniq_pikel
D:8:      cheibrodos_statue_roulette, layout_loops_ring,
          grunt_lair_entry_orc_guard_hut, uniq_joseph
Lair:1:   layout_chaotic_city, nicolae_lair_run_with_the_wolves,
          grunt_megastairs_4
Lair:2:   layout_gridlike

Skill      XL: |  1  2  3  4  5  6  7  8  9 10 11 |
---------------+----------------------------------+-----
Spellcasting   | 4 5 6 8 9 10 | 10.0
Armour         | 1 2 3 5 6 |  6.2
Short Blades   | 1 2 3 |  3.3
Stealth        | 2 3 4 5 |  5.0
Axes           | 1 3 4 |  4.0
Fighting       | 1 2 3 |  3.0
Dodging        | 3 4 5 |  5.1
Shields        | 1 |  1.9
Staves         | |  0.2

Action                   |  1- 3 |  4- 6 |  7- 9 | 10-12 || total
-------------------------+-------+-------+-------+-------++-------
Melee: Staff             |     1 |       |       |       ||     1
       Dagger            |       |     4 |     4 |       ||     8
       War axe           |       |       |     3 |       ||     3
       Mace              |       |       |       |     4 ||     4
 Cast: Magic Dart        |    62 |    96 |   134 |    44 ||   336
       Searing Ray       |       |     7 |    46 |    39 ||    92
       Fulminant Prism   |       |       |       |     7 ||     7
  Use: Scroll            |       |       |       |     7 ||     7
       Potion            |       |       |       |     3 ||     3
Armor: Robe              |     1 |       |       |       ||     1
       Leather armour    |       |     8 |    24 |    33 ||    65
Dodge: Dodged            |     6 |     8 |    35 |    46 ||    95
Block: Buckler           |       |     1 |    11 |    12 ||    24
